 Dungeon Crawl Stone Soup version 0.29.1 (webtiles) character file.

Game seed: 1589165563732458423

709 jimonade the Skirmisher (level 8, -2/56 HPs)
             Began as a Formicid Hunter on Sept 13, 2022.
             Was an Initiate of Hepliaklqana.
             Slain by a centaur
             ... wielding a +5 demon blade of venom
              (4 damage)
             ... on level 5 of the Dungeon on Sept 14, 2022.
             The game lasted 00:12:40 (4160 turns).

jimonade the Skirmisher (Formicid Hunter)           Turns: 4160, Time: 00:12:41

Health: -2/56      AC:  6    Str: 16    XL:     8   Next: 0%
Magic:  8/8        EV: 12    Int: 11    God:    Hepliaklqana [......]
Gold:   219        SH:  0    Dex: 17    Spells: 7/7 levels left

rFire   . . .      SeeInvis +   a - +1 shortbow
rCold   . . .      Faith    .   (no shield)
rNeg    + . .      Spirit   .   c - +0 leather armour
rPois   .          Reflect  .   (helmet unavailable)
rElec   .          Harm     .   B - +1 cloak
rCorr   .          Rampage  .   y - +0 pair of gloves
Will    .....                   (no boots)
Stlth   ++........              A - amulet of regeneration
HPRegen 0.98/turn               t - ring of positive energy
MPRegen 0.11/turn               (no ring)

@: lethally poisoned (-2 -> -3)
A: permanent stasis, dig shafts and tunnels, antennae 3, four strong arms
a: Dig, Shaft Self, Renounce Religion


You were on level 5 of the Dungeon.
You worshipped Hepliaklqana.
Hepliaklqana was noncommittal.
You visited 1 branch of the dungeon, and saw 5 of its levels.

You collected 219 gold pieces.

Inventory:

Hand Weapons
 a - a +1 shortbow (weapon)
 b - a +4 dagger of electrocution
 f - a +0 short sword
 m - a +0 rapier
 v - a +0 sling
 x - a +3 dagger
 E - a +0 halberd
 F - a +0 war axe
Missiles
 e - 3 poisoned darts
 i - a throwing net
 q - 2 atropa-tipped darts
 w - 5 curare-tipped darts
 D - 4 javelins
Armour
 c - a +0 leather armour (worn)
 y - a +0 pair of gloves (worn)
 B - a +1 cloak (worn)
Magical Staves
 C - a staff of death
Jewellery
 j - a ring of positive energy
 o - a ring of ice
 t - a ring of positive energy (left hand)
 A - an amulet of regeneration (around neck)
Wands
 z - a wand of mindburst (7)
Scrolls
 g - a scroll of blinking {unknown}
 h - 2 scrolls of identify
 k - 2 scrolls of enchant weapon
 r - 2 scrolls of immolation
Potions
 d - 2 potions of heal wounds
 l - 5 potions of curing {unknown}
 n - a potion of resistance {unknown}
 p - 2 potions of cancellation {unknown}
 s - a potion of might {unknown}
 u - a potion of flight {unknown}
 G - a potion of degeneration {unknown}


   Skills:
 - Level 2.1 Fighting
 + Level 9.2 Ranged Weapons
 - Level 1.7 Dodging
 - Level 1.2 Stealth


You had 7 spell levels left.
You didn't know any spells.
Your spell library contained the following spells:

 Spells                   Type           Power      Damage    Failure   Level
 Sublimation of Blood     Necr           0%         N/A       54%         2
 Wereblood                Tmut           0%         N/A       54%         2
 Summon Hydra             Summ           0%         N/A       100%        7


Dungeon Overview and Level Annotations

Branches:
Dungeon (5/15)
 Temple: D:4-7

Altars:
Dithmenos
Gozag
Hepliaklqana
Nemelex Xobeh
Okawaru
Wu Jian


Innate Abilities, Weirdness & Mutations

You cannot be hasted, slowed, berserked, paralysed or teleported.
You can dig through walls and to a lower floor.
You have a pair of large antennae on your head. (SInv)
Your four strong arms can wield two-handed weapons with a shield.


Message History

The iguana bites you.
Fire: a) +1 shortbow
Press: ? - help, Q - select action, (/) - cycle Shift-Dir - straight line, f/p - centaur
Aim: a centaur, wielding a +5 demon blade of venom (severely wounded, 76% to hit)
You shoot an arrow. The arrow hits the centaur.
The centaur is almost dead.
The centaur hits you with a +5 demon blade of venom!
You are poisoned.
The centaur closely misses you.
The centaur hits you with a +5 demon blade of venom!
* * * LOW HITPOINT WARNING * * *
The centaur barely misses you. The iguana bites you.
* * * LOW HITPOINT WARNING * * *
Fire: a) +1 shortbow
Press: ? - help, Q - select action, (/) - cycle Shift-Dir - straight line, f/p - centaur
Aim: a centaur, wielding a +5 demon blade of venom (almost dead, 76% to hit)
You shoot an arrow. The arrow barely misses the centaur.
You feel very sick.
The centaur hits you with a +5 demon blade of venom.
* * * LOW HITPOINT WARNING * * *
The centaur barely misses you. The iguana barely misses you.
Fire: a) +1 shortbow
Press: ? - help, Q - select action, (/) - cycle Shift-Dir - straight line, f/p - centaur
Aim: a centaur, wielding a +5 demon blade of venom (almost dead, 76% to hit)
You shoot an arrow. The arrow hits the centaur.
The centaur is almost dead.
You feel sick. The centaur closely misses you.
The centaur kicks you but does no damage.
The centaur closely misses you.
The centaur kicks you but does no damage.
The iguana bites you!
* * * LOW HITPOINT WARNING * * *
Fire: a) +1 shortbow
Press: ? - help, Q - select action, (/) - cycle Shift-Dir - straight line, f/p - centaur
Aim: a centaur, wielding a +5 demon blade of venom (almost dead, 76% to hit)
You shoot an arrow. The arrow barely misses the centaur.
* * * LOW HITPOINT WARNING * * *
You feel sick.
The centaur hits you with a +5 demon blade of venom.
You die...

............. ..
.....(.<..... ..
..........l.#
.#####.###
#....###..#.#
.........####...
..# O .......$..#
##... ...
.$........##.....
....
.......c........
....#
.......@l....... .
^....
.............#. ..
.#...........##...
#...............
###.........#..
#.........# .
#.........####..#
...............|..
.
..##....###..#####
..


You could see a centaur and an iguana.

Vanquished Creatures
  Sigmund (D:2)
  An ogre (D:4)
  2 howler monkeys (D:4)
  3 hounds
  An orc priest (D:3)
  Jessica (D:2)
  4 gnolls (D:3)
  8 adders
  An ufetubus (D:4)
  4 worms
  4 dart slugs
  10 orcs
  16 ball pythons
  5 endoplasms
  A giant cockroach (D:1)
  10 goblins
  9 hobgoblins
  6 jackals
  3 quokkas (D:1)
  11 bats
  3 frilled lizards
  5 kobolds
  4 rats
113 creatures vanquished.

Notes
Turn   | Place    | Note
-------+----------+-------------------------------------------
     0 | D:1      | jimonade the Formicid Hunter began the quest for the Orb.
     0 | D:1      | Reached XP level 1. HP: 16/16 MP: 1/1
   155 | D:1      | Reached XP level 2. HP: 22/22 MP: 2/2
   478 | D:1      | Reached XP level 3. HP: 14/27 MP: 3/3
   690 | D:1      | Reached skill level 5 in Ranged Weapons
  1169 | D:2      | Found a shadowy altar of Dithmenos.
  1200 | D:2      | Found a faded altar of an unknown god.
  1292 | D:2      | Reached XP level 4. HP: 33/33 MP: 4/4
  1342 | D:2      | Noticed Jessica
  1347 | D:2      | Killed Jessica
  1651 | D:2      | Reached XP level 5. HP: 36/38 MP: 5/5
  1704 | D:2      | Reached skill level 6 in Ranged Weapons
  1797 | D:2      | Noticed Sigmund
  1803 | D:2      | Killed Sigmund
  1804 | D:2      | Reached skill level 7 in Ranged Weapons
  1804 | D:2      | Reached XP level 6. HP: 39/44 MP: 6/6
  2528 | D:3      | Found an iron altar of Okawaru.
  2538 | D:3      | Found a sparkling altar of Nemelex Xobeh.
  2542 | D:3      | Found an ornate altar of the Wu Jian Council.
  2562 | D:3      | Reached XP level 7. HP: 50/50 MP: 7/7
  3068 | D:4      | Reached skill level 8 in Ranged Weapons
  3338 | D:4      | Found a hazy altar of Hepliaklqana.
  3346 | D:4      | Became a worshipper of Hepliaklqana the Forgotten
  3417 | D:4      | Found an opulent altar of Gozag.
  3945 | D:5      | Entered Level 5 of the Dungeon
  4057 | D:4      | Reached skill level 9 in Ranged Weapons
  4155 | D:5      | Reached XP level 8. HP: 48/56 MP: 8/8
  4160 | D:5      | HP: 2/56 [poisoned by a centaur]
  4160 | D:5      | Slain by a centaur

Illustrated notes

Levels and vault maps discovered:
D:1:      dpeg_arrival_fog, layout_loops_corners
D:2:      kennysheep_big_flooded_room, layout_basic, basic_ecumenical_altar,
          serial_glass, glass_columns_c, glass_columns_b, basic_altar,
          uniq_sigmund, uniq_jessica
D:3:      layout_loops_ring, grunt_temple_overflow_diamond
D:4:      layout_basic, mainiacjoe_overflow_alcove_1,
          mainiacjoe_overflow_six_doors_small, nicolae_ossuary_entry_plus
D:5:      layout_cave_pools, kennysheep_mini_moat,
          nicolae_uskayaw_murder_on_the_dancefloor, minmay_checkerbox

Skill      XL: |  1  2  3  4  5  6  7 |
---------------+----------------------+-----
Ranged Weapons | 5 7 9 |  9.2
Fighting       | |  2.1
Dodging        | |  1.7
Stealth        | |  1.2

Action                   |  1- 3 |  4- 6 |  7- 9 || total
-------------------------+-------+-------+-------++-------
 Fire: Shortbow          |    80 |   107 |   124 ||   311
Throw: Throwing net      |       |       |     1 ||     1
 Abil: Dig               |     1 |       |       ||     1
  Use: Scroll            |       |       |     7 ||     7
Armor: Leather armour    |     8 |     6 |    27 ||    41
Dodge: Dodged            |    13 |    28 |    65 ||   106
